 Dungeon Crawl Stone Soup version 0.13-a0-1606-g53bcbbc (webtiles) character file.

247 Koal the Chiller (level 4, 0/33 HPs)
             Began as a Ghoul Ice Elementalist on June 14, 2013.
             Slain by an orc priest
             ... wielding a +0,+1 orcish falchion
              (7 damage)
             ... on Level 3 of the Dungeon.
             The game lasted 00:12:54 (2452 turns).

Koal the Chiller (Ghoul Ice Elementalist)           Turns: 2452, Time: 00:12:54

HP   0/33        AC  4     Str 11      XL: 4   Next: 84%
MP   1/6         EV 12     Int 11      God:
Gold 141         SH  0     Dex  9      Spells:  1 memorised,  4 levels left

Res.Fire  : . . .   See Invis. : .   a - +1 dwarf dagger (elec)
Res.Cold  : + . .   Warding    : .   j - +0 robe
Life Prot.: + + +   Conserve   : .   (no shield)
Res.Poison: +       Res.Corr.  : .   (no helmet)
Res.Elec. : .       Clarity    : .   B - +1 cloak
Sust.Abil.: . .     Spirit.Shd : .   (no gloves)
Res.Mut.  : .       Stasis     : .   (no boots)
Res.Rott. : +       Flight     : .   (no amulet)
Saprovore : + + +                    (no ring)
                                     (no ring)

@: rotting, slightly resistant to hostile enchantments, unstealthy
A: rotting body, claws 1, carnivore 3, cold resistance 1, life protection 3,
poison resistance, saprovore 3, slow healing 1, torment resistance, unbreathing
a: no special abilities


You were on level 3 of the Dungeon.
You were not hungry.

You visited 1 branch of the dungeon, and saw 3 of its levels.

You collected 121 gold pieces.

Inventory:

Hand weapons
 a - a +1,+1 dwarven dagger of electrocution (weapon)
 b - a +0,+0 sling
Missiles
 e - 47 darts (quivered)
 i - 71 stones
 x - 13 sling bullets
Armour
 j - a +0 robe (worn)
 B - a +1 cloak (worn)
Magical devices
 u - a wand of random effects (6)
Comestibles
 c - 2 meat rations
 d - 2 chunks of orc flesh
 n - 4 chunks of orc flesh
 J - a rotting chunk of bat flesh
Scrolls
 f - a scroll of remove curse {unknown}
 g - 4 scrolls of identify {unknown}
 h - 3 scrolls of enchant weapon II {unknown}
 o - 2 scrolls of teleportation {unknown}
 p - a scroll of enchant armour {unknown}
 q - 2 scrolls of fog {unknown}
 r - a scroll of amnesia {unknown}
 s - 3 scrolls of magic mapping {unknown}
 v - 2 scrolls of fear {unknown}
 y - a scroll of enchant weapon I {unknown}
 C - a scroll of noise {unknown}
 D - a scroll of random uselessness {unknown}
 E - a scroll of curse weapon {unknown}
Jewellery
 l - an uncursed amulet of guardian spirit {unknown}
 t - an uncursed amulet of inaccuracy {unknown}
Potions
 k - a potion of porridge {unknown}
 m - 2 potions of mutation {unknown}
 z - a potion of curing {unknown}
 A - a potion of berserk rage {unknown}
 I - a potion of heal wounds {unknown}
Books
 w - a book of Frost

   Spells                             Type                      Level
   *Freeze                            Ice                          1
   Throw Frost                        Conjuration/Ice              2
   Ozocubu's Armour                   Charms/Ice                   3
   Throw Icicle                       Conjuration/Ice              4
   Summon Ice Beast                   Ice/Summoning                4
   Condensation Shield                Ice                          4


   Skills:
 + Level 1.0 Short Blades
 - Level 1.7 Dodging
 - Level 2.1 Stealth
 - Level 1.0 Spellcasting
   Level 0.7 Conjurations
 + Level 5.6 Ice Magic


You had 4 spell levels left.
You knew the following spells:

 Your Spells              Type           Power        Failure   Level  Hunger
a - Freeze                Ice            ##..         3%          1    ##.....


Dungeon Overview and Level Annotations

Branches:
Dungeon (3/27)

Altars:
Makhleb


Innate Abilities, Weirdness & Mutations

Your body is rotting away.
You have sharp fingernails.
You are carnivorous and can eat meat at any time.
Your flesh is cold resistant.
You are immune to negative energy.
Your system is resistant to poisons.
You thrive on rotten meat.
You heal slowly.
You are immune to unholy pain and torment.
You can survive without breathing.


Message History

The orc hits you with an orcish hand axe.
Casting: Freeze
Confirm with . or Enter, or press ? or * to list all spells.
Aiming: Freeze
Press: ? - help, Shift-Dir - straight line, f/p - orc priest
Aim: an orc priest, wielding an orcish falchion (heavily wounded)
You freeze the orc priest.
The orc priest is heavily wounded.
The orc priest hits you with an orcish falchion!
The orc hits you with an orcish hand axe.
* * * LOW HITPOINT WARNING * * *
Casting: Freeze
Confirm with . or Enter, or press ? or * to list all spells.
Aiming: Freeze
Press: ? - help, Shift-Dir - straight line, f/p - orc priest
Aim: an orc priest, wielding an orcish falchion (heavily wounded)
You freeze the orc priest.
The orc priest is severely wounded.
The orc priest hits you with an orcish falchion!
You die...

##### #...#
#...#
####..o###
#......@.#
#...####o#
#...####.#
###########
##.....#..
...........
#...#.####
#########..
#...#)#
#..........
#...#.####
#..^####...
#..##....#
#...## #...
##..##....#
##...# #...


You could see an orc priest and an orc.

Vanquished Creatures
  An orc wizard (D:3)
  2 adders (D:3)
  A giant mite (D:3)
  A bat skeleton (D:2)
  An ooze (D:1)
  2 orcs (D:3)
  A ball python (D:3)
  4 giant cockroaches
  6 goblins
  6 hobgoblins
  2 kobolds
  3 quokkas
  5 bats
  3 giant geckos
  8 giant newts
  A goblin skeleton (D:2)
  An orc zombie (D:2)
  A quokka zombie (D:2)
  9 rats
58 creatures vanquished.

Notes
Turn   | Place    | Note
--------------------------------------------------------------
     0 | D:1      | Koal, the Ghoul Ice Elementalist, began the quest for the Orb.
     0 | D:1      | Reached XP level 1. HP: 14/14 MP: 3/3
   207 | D:1      | Reached XP level 2. HP: 16/19 MP: 1/4
   360 | D:1      | Reached skill level 4 in Ice Magic
  1039 | D:2      | Found a burning altar of Makhleb.
  1055 | D:2      | Reached XP level 3. HP: 20/26 MP: 1/5
  1908 | D:3      | Reached skill level 5 in Ice Magic
  2060 | D:3      | Reached XP level 4. HP: 28/32 MP: 6/6
  2397 | D:3      | Reached skill level 1 in Short Blades
  2452 | D:3      | Slain by an orc priest

Action                   |  1- 3 |  4- 6 || total
-------------------------+-------+-------++-------
Melee: Unarmed           |    12 |       ||    12
       Dagger            |    48 |    12 ||    60
 Fire: Sling             |    50 |    19 ||    69
Throw: Dart              |    21 |       ||    21
 Cast: Freeze            |    32 |    11 ||    43
Evoke: Wand              |     1 |       ||     1
 Stab: Sleeping          |     5 |       ||     5
